 Dungeon Crawl Stone Soup version 0.26.1-2-gb8aa6d0cf2 (webtiles) character file.

Game seed: 13373042539670643069

42220 Gadfly the Cleaver (level 13, -8/107 HPs)
             Began as a Demonspawn Monk on Feb 11, 2021.
             Was a High Priest of Qazlal.
             Killed from afar by a molten gargoyle (15 damage)
             ... with a bolt of magma
             ... in a volcano.
             The game lasted 00:38:15 (23368 turns).

Gadfly the Cleaver (Demonspawn Monk)               Turns: 23368, Time: 00:38:15

Health: -8/107     AC: 25    Str: 18    XL:     13   Next: 84%
Magic:  0/20       EV:  7    Int: 11    God:    Qazlal [*****.]
Gold:   799        SH:  6    Dex: 15    Spells: 7/12 levels left

rFire    + + .     SeeInvis .   a - +2 war axe (freeze)
rCold    x . .     Faith    .   (no shield)
rNeg     . . .     Spirit   +   n - +0 plate armour
rPois    .         Reflect  .   j - +0 helmet
rElec    .         Harm     .   D - +1 cloak {Will+}
rCorr    .         Rampage  .   A - +0 pair of gloves
Will     +....                  (no boots)
Stlth    ..........             G - amulet of regeneration
HPRegen  0.67/turn              o - +4 ring of protection
MPRegen  0.17/turn              m - ring of fire

@: mighty, protected from fire, repel missiles
A: claws 1, rugged brown scales 1, powered by pain 3, magic shield
a: Renounce Religion, Upheaval, Elemental Force, Disaster Area


You were in a volcano.
You worshipped Qazlal.
Qazlal was extremely pleased with you.
You visited 3 branches of the dungeon, and saw 17 of its levels.
You also visited: Bailey and Volcano.

You collected 823 gold pieces.
You spent 24 gold pieces at shops.

Inventory:

Hand Weapons
 a - a +2 war axe of freezing (weapon)
 b - the +10 halberd "Teumeis" {freeze, Str+4 Int-2}
   (You took it off an orc warrior on level 10 of the Dungeon)

   It has been specially enchanted to freeze those struck by it, causing extra
   injury to most foes and up to half again as much damage against particularly
   susceptible opponents.
   It can also slow down cold-blooded creatures.
   It affects your strength (+4).
   It affects your intelligence (-2).
 p - a +2 great mace of draining
 v - a +0 battleaxe
 F - a +0 morningstar of draining
Armour
 j - a +0 helmet (worn)
 n - a +0 plate armour (worn)
 A - a +0 pair of gloves (worn)
 D - a +1 cloak of willpower (worn)
Jewellery
 e - a +4 ring of protection
 h - an uncursed ring of flight
 m - a ring of fire (right hand)
 o - a +4 ring of protection (left hand)
 G - an amulet of regeneration (around neck)
 I - an uncursed ring of poison resistance
Wands
 d - a wand of polymorph (13)
 k - a wand of flame (33) (quivered)
 s - a wand of digging (2)
 y - a wand of enslavement (6)
 B - a wand of iceblast (10)
Scrolls
 f - 6 scrolls of teleportation
 g - 2 scrolls of magic mapping
 r - 2 scrolls of blinking
 u - a scroll of enchant armour
 w - 2 scrolls of fear
 x - a scroll of remove curse
 E - a scroll of fog
 H - a scroll of identify
 J - a scroll of enchant weapon
Potions
 c - a potion of resistance
 i - 2 potions of attraction
 t - 5 potions of might
Miscellaneous
 q - a phial of floods (inert)


   Skills:
 + Level 10.3 Fighting
 * Level 12.8 Axes
 + Level 10.2 Armour
 - Level 2.6 Dodging
 - Level 1.7 Stealth
 - Level 10.5 Invocations
 + Level 10.8 Evocations


You had 7 spell levels left.
You knew the following spells:

 Your Spells              Type           Power        Failure   Level
a - Conjure Flame         Conj/Fire      0%           100%        3
b - Swiftness             Air            0%           100%        2

Your spell library contained the following spells:

 Spells                   Type           Power        Failure   Level
 Foxfire                  Conj/Fire      0%           100%        1
 Shock                    Conj/Air       0%           100%        1
 Sting                    Tmut/Pois      0%           100%        1
 Ensorcelled Hibernation  Hex/Ice        0%           100%        2
 Poisonous Vapours        Pois/Air       0%           100%        2
 Confusing Touch          Hex            0%           100%        3
 Gell's Gravitas          Tloc           0%           100%        3
 Ignite Poison            Fire/Tmut/Pois 0%           100%        3
 Inner Flame              Hex/Fire       0%           100%        3
 Mephitic Cloud           Conj/Pois/Air  0%           100%        3
 Static Discharge         Conj/Air       0%           100%        3
 Airstrike                Air            0%           100%        4
 Cause Fear               Hex            0%           100%        4
 Olgreb's Toxic Radiance  Pois           0%           100%        4
 Petrify                  Tmut/Erth      0%           100%        4
 Sticky Flame             Conj/Fire      0%           100%        4
 Borgnjor's Vile Clutch   Necr/Erth      0%           100%        5
 Fireball                 Conj/Fire      0%           100%        5
 Lightning Bolt           Conj/Air       0%           100%        5
 Metabolic Englaciation   Hex/Ice        0%           100%        5
 Silence                  Hex/Air        0%           100%        5
 Yara's Violent Unravell  Hex/Tmut       0%           100%        5
 Shadow Creatures         Summ           N/A          100%        6
 Discord                  Hex            0%           100%        8


Dungeon Overview and Level Annotations

Branches:
Dungeon (10/15)            Temple (1/1) D:7            Lair (6/6) D:10
  Swamp (0/4) Lair:4        Snake (0/4) Lair:2        Slime (0/5) Lair:5
 Bailey (visited)         Volcano (1/1)
    Orc: D:9-12

Altars:
Ashenzari
Cheibriados
Dithmenos
Elyvilon
Fedhas
Gozag
Hepliaklqana
Kikubaaqudgha
Makhleb
Nemelex Xobeh
Okawaru
Qazlal
Ru
Sif Muna
Trog
Uskayaw
Vehumet
Wu Jian
Xom
Yredelemnul
Zin
The Shining One
Jiyva

Shops:
D:7 =*   D:8 :

Annotations:
Lair:6 Nessos


Innate Abilities, Weirdness & Mutations

You have sharp fingernails.
You are partially covered in rugged brown scales. (AC +1, +3% HP)
You are powered by pain.
When hurt, damage is shared between your health and your magic reserves.


Message History

Aim: a molten gargoyle, wielding a +0 mace (flame, chance to affect: 38%)
The molten gargoyle resists with some effort.
The molten gargoyle closely misses you.
Aiming: Enslavement
Press: ? - help, Shift-Dir - straight line, p - molten gargoyle The molten gargoyle resists with some effort.
The molten gargoyle blasts magma at you!
The bolt of magma hits you. You partially resist.
Your resistance to physical damage fades away.
You feel protected from fire.
* * * LOW HITPOINT WARNING * * *
Aiming: Enslavement
Press: ? - help, Shift-Dir - straight line The molten gargoyle resists with some effort.
The molten gargoyle blasts magma at you!
The bolt of magma hits the molten gargoyle!
The molten gargoyle partially resists.
The bolt of magma hits you!! You partially resist.
You feel more protected from fire.
You die...

§≈§≈≈≈≈≈...##
≈§§≈§§≈≈≈...#
≈§§≈§§≈≈....#
§§§§≈≈≈≈...##
≈≈§≈§§...### #
≈≈≈§≈≈...# ##### .#
≈≈≈≈§≈..### ##...##.###
≈≈≈≈.....8###...○#..8.#
≈≈≈≈≈......)'..§@99._.#
§≈≈......8###...°#§.8.#
≈.≈§...#### ##.°.##.###
....#.. ##### .#
##.#### # ##


You could see 2 molten gargoyles.

Vanquished Creatures
  A stone giant (Volcano)
  4 hydras
  2 catoblepae (Lair:3)
  2 two-headed ogres (D:9)
  5 death yaks
  Pikel (D:5)
  Maurice (D:10)
  21 elephants
  2 black mambas
  2 rust devils
  Joseph (D:8)
  A gargoyle (Volcano)
  12 cane toads
  An efreet (Volcano)
  2 rime drakes (Lair:1)
  4 komodo dragons
  2 polar bears
  2 trolls (D:10)
  2 hornets (D:10)
  11 blink frogs
  A spriggan (Lair:2)
  A wraith (D:10)
  24 yaks
  6 fire bats (Volcano)
  6 wyverns
  A swamp worm (Lair:4)
  6 nagas (Lair:2)
  14 water moccasins
  2 ice beasts
  A phantom (D:5)
  2 black bears (D:6)
  2 sky beasts
  4 orc warriors
  9 ogres
  23 wolves
  4 lemures
  7 centaurs
  2 earth elementals (Volcano)
  10 bullfrogs
  A scorpion (D:7)
  5 killer bees (D:10)
  A howler monkey (D:5)
  A bullfrog zombie (D:6)
  6 lava snakes (Volcano)
  2 bullfrog skeletons
  6 hounds
  5 jellies
  5 orc wizards
  3 orc priests
  A gnoll shaman (D:5)
  Jessica (D:8)
  8 iguanas
  6 hell rats (Lair:4)
  7 worker ants
  A killer bee zombie (D:5)
  3 hound skeletons
  Robin (D:2)
  19 gnolls
  16 adders
  A shadow imp (D:5)
  3 white imps
  2 ufetubi
  4 worms
  An adder skeleton (D:5)
  5 dart slugs
  7 leopard geckos
  26 orcs
  3 ball pythons
  6 bats
  4 giant cockroaches
  16 goblins
  7 hobgoblins
  12 kobolds
  3 quokkas
  5 frilled lizards
  A jackal zombie (D:8)
  A quokka skeleton (D:8)
  A quokka zombie (D:8)
  3 rats
  A butterfly (Lair:3)
414 creatures vanquished.

Vanquished Creatures (collateral kills)
  An elephant (Lair:6)
1 creature vanquished.

Vanquished Creatures (others)
  A komodo dragon (Lair:6)
  24 fungi
  99 plants
124 creatures vanquished.

Grand Total: 539 creatures vanquished

Notes
Turn   | Place    | Note
-------+----------+-------------------------------------------
     0 | D:1      | Gadfly the Demonspawn Monk began the quest for the Orb.
     0 | D:1      | Reached XP level 1. HP: 18/18 MP: 1/1
   179 | D:1      | Reached skill level 1 in Invocations
   179 | D:1      | Gained mutation: You have sharp fingernails. [demonic
                  | ancestry]
   179 | D:1      | Reached XP level 2. HP: 24/24 MP: 2/2
   480 | D:1      | Reached skill level 1 in Evocations
   491 | D:1      | Reached skill level 1 in Armour
   878 | D:2      | Found a white marble altar of Elyvilon.
   906 | D:2      | Gained mutation: When hurt, damage is shared between your
                  | health and your magic reserves. [demonic ancestry]
   906 | D:2      | Reached XP level 3. HP: 23/29 MP: 4/4
   991 | D:2      | Noticed Robin
  1040 | D:2      | Killed Robin
  1041 | D:2      | Reached skill level 3 in Axes
  1380 | D:2      | Reached XP level 4. HP: 23/35 MP: 2/5
  2612 | D:3      | Gained mutation: You sometimes gain a little power by
                  | taking damage. [demonic ancestry]
  2612 | D:3      | Reached XP level 5. HP: 23/41 MP: 7/7
  3052 | D:3      | Found a faded altar of an unknown god.
  3325 | D:4      | Noticed an ogre
  3335 | D:4      | Killed an ogre
  3336 | D:4      | Reached XP level 6. HP: 19/47 MP: 3/8
  4228 | D:4      | Gained mutation: You are partially covered in rugged brown
                  | scales. (AC +1, +3% HP) [demonic ancestry]
  4228 | D:4      | Reached XP level 7. HP: 46/53 MP: 10/10
  4318 | D:4      | Found a basalt altar of Yredelemnul.
  4567 | D:4      | Found a radiant altar of Vehumet.
  4568 | D:4      | Found a shimmering altar of Xom.
  4586 | D:4      | Reached skill level 4 in Axes
  4950 | D:5      | Entered Level 5 of the Dungeon
  5646 | D:5      | Noticed Pikel
  5762 | D:4      | Reached XP level 8. HP: 50/61 MP: 7/11
  6039 | D:5      | Killed Pikel
  6040 | D:5      | Reached skill level 5 in Axes
  6040 | D:5      | Reached skill level 5 in Invocations
  6040 | D:5      | Reached skill level 5 in Evocations
  6763 | D:6      | Reached skill level 5 in Armour
  7119 | D:6      | Reached XP level 9. HP: 61/67 MP: 11/13
  7419 | D:6      | Reached skill level 6 in Axes
  7721 | D:6      | Reached skill level 5 in Fighting
  8186 | D:7      | Found Riur's Assorted Antiques.
  8238 | D:7      | Bought a scroll labelled KIERIE QYFOCOU for 24 gold pieces
  8278 | D:7      | Found a flagged portal.
  8322 | D:7      | Found Ofisim's Jewellery Shop.
  8364 | Bailey   | Entered a bailey
  8390 | Bailey   | Noticed an orc warlord
  8633 | D:7      | Found a blossoming altar of Fedhas.
  8990 | D:7      | Found a staircase to the Ecumenical Temple.
  9018 | Temple   | Entered the Ecumenical Temple
  9205 | Temple   | Became a worshipper of Qazlal Stormbringer
  9205 | Temple   | Reached * piety under Qazlal
  9205 | Temple   | Reached ** piety under Qazlal
  9588 | D:8      | Reached skill level 7 in Axes
  9618 | D:8      | Noticed Joseph
  9642 | D:8      | Killed Joseph
  9714 | D:8      | Noticed Jessica
  9718 | D:8      | Killed Jessica
  9719 | D:8      | Reached XP level 10. HP: 45/78 MP: 15/15
 10046 | D:8      | Found Dakiqoj's Book Shoppe.
 10561 | D:8      | Found a sparkling altar of Nemelex Xobeh.
 10673 | D:9      | Noticed a two-headed ogre
 10684 | D:9      | Killed a two-headed ogre
 11306 | D:9      | Reached skill level 8 in Axes
 11565 | D:9      | Found an iron altar of Okawaru.
 11714 | D:9      | Found a broken altar of Ashenzari.
 11836 | D:9      | Noticed a two-headed ogre
 11851 | D:9      | Killed a two-headed ogre
 12258 | D:10     | Entered Level 10 of the Dungeon
 12739 | D:10     | Noticed a death yak
 12740 | D:10     | Noticed a death yak
 12741 | D:10     | Noticed a death yak
 12742 | D:10     | Noticed a death yak
 12743 | D:10     | Noticed a death yak
 12744 | D:10     | Noticed a death yak
 12745 | D:10     | Noticed a death yak
 12766 | D:9      | Killed a death yak
 13184 | D:10     | Reached XP level 11. HP: 85/85 MP: 17/17
 13243 | D:10     | Found a shimmering altar of Xom.
 13547 | D:10     | Reached *** piety under Qazlal
 13604 | D:10     | Noticed Maurice
 13622 | D:10     | Killed Maurice
 13985 | D:10     | Reached skill level 9 in Axes
 14209 | D:10     | Found a staircase to the Lair.
 14417 | D:9      | Identified the +10 halberd "Teumeis" {freeze, Str+4 Int-2}
 14951 | D:10     | Killed a death yak
 14989 | Lair:1   | Entered Level 1 of the Lair of Beasts
 15001 | Lair:1   | Killed a death yak
 15524 | Lair:1   | Learned a level 3 spell: Conjure Flame
 16641 | Lair:1   | Noticed an eight-headed hydra
 16652 | Lair:1   | Killed an eight-headed hydra
 16653 | Lair:1   | Reached skill level 10 in Axes
 16653 | Lair:1   | Reached skill level 10 in Invocations
 17313 | Lair:1   | HP: 1/132 [death yak (9)]
 17317 | Lair:1   | Killed a death yak
 17322 | Lair:1   | Killed a death yak
 17323 | Lair:1   | Gained mutation: You sometimes gain power by taking damage.
                  | [demonic ancestry]
 17323 | Lair:1   | Reached XP level 12. HP: 16/94 MP: 2/19
 17693 | Lair:2   | Noticed a five-headed hydra
 17704 | Lair:2   | Killed a seven-headed hydra
 17909 | Lair:2   | You fall into a shaft and drop 1 floor!
 18606 | Lair:2   | Reached **** piety under Qazlal
 18934 | Lair:2   | Found a staircase to the Snake Pit.
 19303 | Lair:2   | Learned a level 2 spell: Swiftness
 19390 | Lair:3   | Reached skill level 11 in Axes
 19594 | Lair:3   | Noticed a catoblepas
 19618 | Lair:3   | Killed a catoblepas
 20185 | Lair:3   | Found a shimmering altar of Xom.
 21223 | Lair:4   | Noticed a six-headed hydra
 21338 | Lair:3   | Killed a six-headed hydra
 21387 | Lair:4   | Noticed a catoblepas
 21409 | Lair:3   | Killed a catoblepas
 21467 | Lair:4   | Gained mutation: You are powered by pain. [demonic
                  | ancestry]
 21467 | Lair:4   | Reached XP level 13. HP: 104/104 MP: 20/20
 21869 | Lair:4   | Reached ***** piety under Qazlal
 21870 | Lair:4   | Reached skill level 10 in Evocations
 21902 | Lair:4   | Reached skill level 12 in Axes
 22244 | Lair:4   | Found a staircase to the Swamp.
 22677 | Lair:5   | Found a staircase to the Slime Pits.
 22677 | Lair:5   | Found a viscous altar of Jiyva.
 22862 | Lair:5   | You fall into a shaft and drop 1 floor!
 22862 | Lair:6   | Entered Level 6 of the Lair of Beasts
 22869 | Lair:6   | Noticed Nessos
 22872 | Lair:6   | Reached skill level 10 in Fighting
 22872 | Lair:6   | Reached skill level 10 in Armour
 22911 | Lair:6   | Found a dark tunnel.
 22935 | Lair:6   | HP: 5/106 [poisoned by a cane toad]
 22940 | Lair:6   | HP: 3/106 [poisoned by a cane toad]
 22945 | Lair:6   | HP: 2/106 [poisoned by a cane toad]
 22951 | Lair:6   | HP: 3/106 [poisoned by a cane toad]
 22959 | Lair:6   | HP: 5/106 [poisoned by a cane toad]
 22969 | Volcano  | Entered a volcano
 23329 | Volcano  | Found a radiant altar of Vehumet.
 23345 | Volcano  | Noticed a stone giant
 23362 | Volcano  | Killed a stone giant
 23363 | Volcano  | HP: 5/107 [earth elemental (10)]
 23368 | Volcano  | Killed from afar by a molten gargoyle

Illustrated notes

Levels and vault maps discovered:
D:1:      minmay_arrival_hallway, layout_loops_ring, minmay_ruptured
D:2:      layout_loops_corners, chequers_garden, st_stairs_2,
          chequers_serial_rivers_micro_a, elyvilon_altar_5, uniq_robin
D:3:      layout_rooms, chequers_ecumenical_altar_twisty
D:4:      layout_loops_ring, grunt_temple_overflow_open
D:5:      layout_cave_pools, hangedman_decor_push, uniq_pikel
D:6:      layout_cave_pools, serial_park, serial_park_gazebo
          [serial_park_minivault_5x5_7], minmay_curled_crystal
D:7:      layout_rooms, minmay_temple_entry_junction_2, enter_bailey_1,
          serial_shops, nicolae_shop_temple_entry_statues_fountains,
          kennysheep_mini, fedhas_altar_3
D:8:      layout_loops_ring, serial_shops, shop, nemelex_lonely_heart_becter,
          uniq_joseph
D:9:      cheibrodos_iron_armory, layout_gridville, general_overflow_altar,
          evilmike_ruin_ashenzari
D:10:     wad_river_or_something, layout_irregular_city, dpeg_lair_monsters,
          basic_altar, uniq_maurice
Temple:   regret_index_temple_mists
Lair:1:   wad_woods_structure_01, layout_regular_city, serial_bayou_lagoon_b
Lair:2:   layout_regular_city, minmay_snake_entry_guardpost_medium, wad_woods_03
Lair:3:   layout_layer_cave, basic_altar, serial_forest,
          infiniplex_forest_zigzag_1, infiniplex_forest_lined_3,
          infiniplex_forest_clump_medium, infiniplex_forest_end_2,
          infiniplex_forest_zigzag_1, infiniplex_forest_pool,
          infiniplex_forest_end_2, lemuel_fruit_fields
Lair:4:   layout_cave_pods, palyth_hydra_swamp_entry, minivault_26,
          grunt_forest_small_clearings, grunt_megastairs_2
Lair:5:   layout_gridlike, slime_altar_1
Lair:6:   minmay_lair_end_enchanted_forest, layout_misc_corridors,
          nicolae_volcano_entry_s_turn, minmay_another_anthill,
          grunt_megastairs_3, uniq_nessos
Volcano:  volcano_grotto [vgs_original]

Skill      XL: |  1  2  3  4  5  6  7  8  9 10 11 12 13 |
---------------+----------------------------------------+-----
Invocations    | 1 2 3 4 5 7 8 10 | 10.5
Evocations     | 1 2 3 4 5 6 7 8 9 10 | 10.8
Armour         | 1 2 3 4 5 6 7 8 9 10 | 10.2
Axes           | 3 4 5 7 8 10 11 12 | 12.8
Fighting       | 4 5 6 8 9 10 | 10.3
Dodging        | |  2.6
Stealth        | |  1.7

Action                   |  1- 3 |  4- 6 |  7- 9 | 10-12 | 13-15 || total
-------------------------+-------+-------+-------+-------+-------++-------
Melee: Hand axe          |   123 |   136 |       |       |       ||   259
       War axe           |       |   100 |   566 |   596 |   288 ||  1550
       Whip              |       |       |    25 |       |       ||    25
       Halberd           |       |       |       |   100 |       ||   100
       Morningstar       |       |       |       |    75 |    12 ||    87
Invok: Upheaval          |       |       |       |     1 |     1 ||     2
       Elemental Force   |       |       |       |       |     1 ||     1
       Disaster Area     |       |       |       |       |     1 ||     1
Evoke: Wand              |       |       |     7 |    12 |     5 ||    24
       Phial of floods   |       |       |       |       |     1 ||     1
  Use: Scroll            |     2 |     3 |    14 |     9 |     2 ||    30
       Potion            |     1 |     1 |     5 |     7 |     3 ||    17
 Stab: Sleeping          |     1 |       |       |       |       ||     1
Armor: Robe              |    21 |       |       |       |       ||    21
       Ring mail         |    29 |    22 |       |       |       ||    51
       Scale mail        |       |    34 |       |       |       ||    34
       Chain mail        |       |    64 |   536 |       |       ||   600
       Plate armour      |       |       |    40 |   686 |   235 ||   961
       Skin              |       |       |    25 |     7 |       ||    32
Dodge: Dodged            |    90 |   120 |   341 |   283 |   151 ||   985
       Repelled          |       |       |       |     2 |     1 ||     3
Block: Other             |       |       |     4 |   137 |   122 ||   263
